 Dungeon Crawl Stone Soup version 0.29.1-15-g9cfb28693d (webtiles) character file.

Game seed: 16750116180159057401

821 joshua the Covered (level 7, -4/63 HPs)
             Began as a Minotaur Fighter on Mar 23, 2023.
             Was an Initiate of Okawaru.
             Succumbed to a water moccasin's poison
             ... on level 5 of the Dungeon.
             The game lasted 00:18:43 (4719 turns).

joshua the Covered (Minotaur Fighter)               Turns: 4719, Time: 00:18:44

Health: -4/63      AC:  8    Str: 25    XL:     7   Next: 63%
Magic:  6/6        EV:  9    Int:  7    God:    Okawaru [......]
Gold:   105        SH:  5    Dex: 10    Spells: 6/6 levels left

rFire   . . .      SeeInvis .   w - +7 long sword "Killer Bee's Bane" {vamp, rN+ Will+ Str+3 Int+2}
rCold   . . .      Faith    .   c - +0 buckler
rNeg    + . .      Spirit   .   b - +0 scale mail
rPois   .          Reflect  .   (helmet restricted)
rElec   .          Harm     .   r - +0 cloak
rCorr   .          Rampage  .   (no gloves)
Will    +....                   (no boots)
Stlth   ..........              (no amulet)
HPRegen 0.20/turn               (no ring)
MPRegen 0.10/turn               (no ring)

@: lethally poisoned (-4 -> -21)
A: horns 2, retaliatory headbutt
a: Renounce Religion


You were on level 5 of the Dungeon.
You worshipped Okawaru.
Okawaru was noncommittal.
You visited 2 branches of the dungeon, and saw 6 of its levels.

You collected 105 gold pieces.

Inventory:

Hand Weapons
 a - a +0 trident
 v - a +0 morningstar
 w - the +7 long sword "Killer Bee's Bane" (weapon) {vamp, rN+ Will+ Str+3 Int+2}
   (You took it off a hobgoblin on level 4 of the Dungeon)

   It occasionally heals its wielder for a portion of the damage dealt when it
   wounds a living foe.
   Str:       It affects your strength (+3).
   Int:       It affects your intelligence (+2).
   rN:        It protects you from negative energy.
   Will:      It increases your willpower.
 y - a +2 vorpal flail
Armour
 b - a +0 scale mail (worn)
 c - a +0 buckler (worn)
 o - a +2 robe
 r - a +0 cloak (worn)
Wands
 n - a wand of flame (23)
 s - a wand of polymorph (5)
Scrolls
 f - 2 scrolls of teleportation
 m - a scroll of amnesia
 x - a scroll of identify
 A - a scroll of brand weapon {unknown}
 B - 3 scrolls of poison {unknown}
 C - a scroll of fear {unknown}
Potions
 d - a potion of might
 e - 3 potions of attraction {unknown}
 g - 3 potions of lignification {unknown}
 h - a potion of mutation {unknown}
 i - 4 potions of flight
 j - a potion of cancellation {unknown}
 k - 2 potions of berserk rage {unknown}
 l - a potion of brilliance {unknown}
 p - 3 potions of curing {unknown}
 q - a potion of magic {unknown}
 t - a potion of degeneration {unknown}
 z - a potion of heal wounds {unknown}


   Skills:
 + Level 6.2 Fighting
 + Level 5.7 Polearms
 + Level 6.3 Armour
 + Level 6.2 Shields


You had 6 spell levels left.
You didn't know any spells.
Your spell library was empty.

Dungeon Overview and Level Annotations

Branches:
Dungeon (5/15)             Temple (1/1) D:5

Altars:
Ashenzari
Cheibriados
Dithmenos
Elyvilon
Fedhas
Gozag
Hepliaklqana
Kikubaaqudgha
Makhleb
Nemelex Xobeh
Okawaru
Qazlal
Ru
Sif Muna
Trog
Uskayaw
Vehumet
Wu Jian
Yredelemnul
Zin


Innate Abilities, Weirdness & Mutations

You have a pair of horns on your head.
You reflexively headbutt those who attack you in melee.


Message History

The water moccasin poisons you! The water moccasin closely misses you.
You closely miss the water moccasin.
You feel very sick. The water moccasin closely misses you.
The water moccasin bites you but does no damage.
You hit the water moccasin but do no damage.
Your headbutt misses the water moccasin.
You feel very sick. The water moccasin bites you!
You are more poisoned.
The water moccasin poisons you! You block the water moccasin's attack.
You closely miss the water moccasin.
Your headbutt misses the water moccasin.
You feel very sick. The water moccasin bites you.
You are lethally poisoned!
The water moccasin poisons you! The water moccasin barely misses you.
You closely miss the water moccasin.
You feel extremely sick. The water moccasin bites you.
* * * LOW HITPOINT WARNING * * *
You are more poisoned.
The water moccasin poisons you! The water moccasin closely misses you.
You furiously retaliate!
You headbutt the water moccasin! You closely miss the water moccasin.
The water moccasin is heavily wounded.
* * * LOW HITPOINT WARNING * * *
You feel extremely sick.
You block the water moccasin's attack. x2
You hit the water moccasin.
You feel better.
Your headbutt misses the water moccasin.
The water moccasin is severely wounded.
* * * LOW HITPOINT WARNING * * *
You feel extremely sick. The water moccasin bites you.
* * * LOW HITPOINT WARNING * * *
You block the water moccasin's attack.
You closely miss the water moccasin.
The water moccasin is severely wounded.
You die...

,,,,,,,,*,,**,,,,,,,,,,***,,,,**
*,,,,,,,,..,#.........##,,,*,,*
*,,*,,,,,#.##...........,,*****
*,,,,,,..#..............,,*
,,,*,,,#.#.............,,,*
,,,*,,*#..............*,,**
*,,*,**#..........?##,**,,*****
*,,*,,*.............#,......*,*
,,**,,,......†.S@.####.....,,,***
,,,,,,,..##.#.....#.#...#.###..[*
...,,,,,****#..................#*
...,,,,,,* ##.................#
..,,,,,,** #....#.#.#.#.#.#..#
#,#...#,***###....#............#
**#....,*,#.#..#..#.#.......#..#
#....,,,.....#...............# #
##..##*...........#...>...#..#


You could see a water moccasin.

Vanquished Creatures
  Sigmund (D:2)
  An ice beast (D:5)
  2 ogres
  An orc priest (D:3)
  Jessica (D:2)
  Terence (D:2)
  3 orc wizards (D:3)
  3 gnolls (D:2)
  7 adders
  2 river rats (D:4)
  4 worms
  4 dart slugs
  17 orcs
  6 ball pythons
  4 bats
  5 endoplasms
  4 giant cockroaches
  7 goblins
  6 hobgoblins
  3 jackals (D:5)
  2 quokkas
  4 frilled lizards
  11 kobolds
  9 rats
108 creatures vanquished.

Vanquished Creatures (others)
  65 plants (D:4)
65 creatures vanquished.

Grand Total: 173 creatures vanquished

Notes
Turn   | Place    | Note
-------+----------+-------------------------------------------
     0 | D:1      | joshua the Minotaur Fighter began the quest for the Orb.
     0 | D:1      | Reached XP level 1. HP: 19/19 MP: 0/0
   437 | D:1      | Reached XP level 2. HP: 27/27 MP: 1/1
   466 | D:1      | Found a faded altar of an unknown god.
  1002 | D:2      | Noticed Terence
  1007 | D:2      | Killed Terence
  1008 | D:2      | Reached XP level 3. HP: 26/33 MP: 2/2
  1117 | D:2      | Noticed Jessica
  1123 | D:2      | Killed Jessica
  1124 | D:2      | Reached XP level 4. HP: 30/41 MP: 3/3
  1549 | D:2      | Noticed Sigmund
  1581 | D:2      | Killed Sigmund
  1582 | D:2      | Reached skill level 5 in Fighting
  1582 | D:2      | Reached skill level 5 in Armour
  1582 | D:2      | Reached skill level 5 in Shields
  1582 | D:2      | Reached XP level 5. HP: 15/48 MP: 4/4
  1582 | D:2      | Reached XP level 6. HP: 18/56 MP: 5/5
  2488 | D:3      | Found an opulent altar of Gozag.
  3179 | D:4      | Reached skill level 5 in Polearms
  3179 | D:4      | Reached XP level 7. HP: 38/62 MP: 6/6
  3530 | D:4      | Identified the +7 long sword "Killer Bee's Bane" {vamp, rN+
                  | Will+ Str+3 Int+2}
  3711 | D:4      | Found a hide-covered altar of Uskayaw.
  4500 | D:5      | Entered Level 5 of the Dungeon
  4577 | D:5      | Found a staircase to the Ecumenical Temple.
  4591 | Temple   | Entered the Ecumenical Temple
  4672 | Temple   | Became a worshipper of Warmaster Okawaru
  4718 | D:5      | HP: 2/63 [water moccasin (4)]
  4719 | D:5      | Succumbed to a water moccasin's poison

Illustrated notes

Levels and vault maps discovered:
D:1:      lemuel_arrival_rhombus, layout_loops_corners,
          ebering_ecumenical_altar_mist
D:2:      layout_loops_ring, uniq_terence, uniq_jessica, uniq_sigmund
D:3:      layout_rooms, nicolae_gozag_seed_capital
D:4:      layout_basic, eat_drink_and_be_merry_uskayaw, serial_bayou,
          serial_bayou_ford_a, serial_bayou_lake_a, serial_bayou_pond_c,
          serial_bayou_crossing, serial_bayou_lagoon_a, serial_bayou_pond_d,
          gup_sewer_entry_bubbles, lemuel_flame_loot_1
D:5:      layout_cave_pools, minmay_temple_entry_glass, abandoned_shop
Temple:   compressed_dpeg_triangle_lava_temple

Skill      XL: |  1  2  3  4  5  6  7 |
---------------+----------------------+-----
Armour         | 4 5 6 |  6.3
Shields        | 4 5 6 |  6.2
Fighting       | 4 5 6 |  6.2
Polearms       | 3 4 5 |  5.7

Action                   |  1- 3 |  4- 6 |  7- 9 || total
-------------------------+-------+-------+-------++-------
Melee: Trident           |    53 |   145 |     8 ||   206
       Headbutt          |     9 |    15 |     9 ||    33
       Unarmed           |       |    16 |       ||    16
       Long sword        |       |       |    64 ||    64
  Use: Scroll            |     2 |     1 |     4 ||     7
Armor: Scale mail        |    17 |    75 |    37 ||   129
Dodge: Dodged            |    23 |    80 |    37 ||   140
Block: Buckler           |     7 |    22 |    23 ||    52
